 Dungeon Crawl Stone Soup version 0.19.1-1-g22dce08 (webtiles) character file.

17356 ImaNewbie the Brawler (level 12, -6/81 HPs)
             Began as a Ghoul Necromancer on Jan 14, 2017.
             Was a High Priest of Okawaru.
             Mangled by a crocodile (15 damage)
             ... on level 1 of the Lair of Beasts.
             The game lasted 01:15:57 (20965 turns).

ImaNewbie the Brawler (Ghoul Necromancer)          Turns: 20965, Time: 01:15:58

Health: -6/81      AC:  5    Str: 16    XL:     12   Next: 47%
Magic:  16/16      EV: 14    Int: 13    God:    Okawaru [*****.]
Gold:   722        SH:  0    Dex: 10    Spells: 6 memorised, 1 level left

rFire  . . .     SeeInvis .       - Unarmed
rCold  + . .     Gourm    .     (no armour)
rNeg   + + +     Faith    .     (no shield)
rPois  ∞         Spirit   .     t - +0 helmet
rElec  .         Reflect  .     D - +0 cloak {+Inv}
rCorr  .         Harm     .     (no gloves)
MR     .....                    k - +2 pair of boots
Stlth  ++........               (no amulet)
                                E - ring of wizardry
                                q - +3 ring of strength

@: rotting
A: rotting body, claws 1, carnivore 3, cold resistance 1, negative energy
resistance 3, slow regeneration 1, torment resistance, unbreathing
a: Heroism, Finesse, Renounce Religion, Evoke Invisibility


You were on level 1 of the Lair of Beasts.
You worshipped Okawaru.
Okawaru was extremely pleased with you.
You were not hungry.

You visited 3 branches of the dungeon, and saw 13 of its levels.
You also visited: Labyrinth and Sewer.

You collected 722 gold pieces.

Inventory:

Hand Weapons
 K - the +9 morningstar "Otaw" {crush, rF- rC+ Str+6, unknown}
   (You took it off a minotaur in a labyrinth)

   It inflicts extra damage upon your enemies.
   It affects your strength (+6).
   It makes you vulnerable to fire.
   It protects you from cold.
Missiles
 n - 96 bolts
 G - 46 poisoned needles
Armour
 k - a +2 pair of boots (worn)
 p - a +2 plate armour of cold resistance
 t - a +0 helmet (worn)
 x - a +1 ring mail of fire resistance
 D - a +0 cloak of invisibility (worn)
Jewellery
 q - a +3 ring of strength (left claw)
 y - an uncursed ring of stealth
 A - an uncursed ring of protection from magic
 E - a ring of wizardry (right claw)
Wands
 I - a wand of iceblast (9/15)
Scrolls
 a - 3 scrolls of noise
 b - a scroll of immolation
 g - 3 scrolls of fog
 j - a scroll of fear
 m - a scroll of teleportation
 o - 5 scrolls of remove curse
 r - a scroll of identify
 v - 3 scrolls of amnesia
 w - 3 scrolls of enchant weapon
Potions
 d - a potion of resistance
 f - 4 potions of curing
 h - a potion of heal wounds
 i - a potion of magic
 s - a potion of might {unknown}
 u - 7 potions of flight
 z - 3 potions of ambrosia
 B - a potion of cure mutation {unknown}
 C - a potion of brilliance
 N - a potion of agility
Comestibles
 c - 4 meat rations
 e - 2 beef jerkies
 l - a chunk of flesh


   Skills:
 - Level 5.0 Armour
 - Level 5.0 Dodging
 - Level 2.1 Stealth
 - Level 16.0 Unarmed Combat
 - Level 1.7 Spellcasting
 - Level 4.0 Charms
 - Level 7.2 Necromancy
 + Level 7.6 Invocations


You had one spell level left.
You knew the following spells:

 Your Spells              Type           Power        Failure   Level  Hunger
a - Pain                  Necr           ###.         1%          1    ##.....
b - Vampiric Draining     Necr           ###.......   1%          3    ####...
c - Regeneration          Chrm/Necr      ###.......   4%          3    ####...
d - Song of Slaying       Chrm           ##......     4%          2    ###....
e - Repel Missiles        Chrm/Air       #.....       9%          2    ###....
f - Blink                 Tloc           N/A          21%         2    ###....


Dungeon Overview and Level Annotations

Branches:
Dungeon (11/15)            Temple (1/1) D:6            Lair (1/6) D:11
    Orc (0/2) D:9

Altars:
Ashenzari
Cheibriados
Dithmenos
Elyvilon
Fedhas
Gozag
Hepliaklqana
Kikubaaqudgha
Makhleb
Nemelex Xobeh
Okawaru
Qazlal
Ru
Sif Muna
Trog
Uskayaw
Vehumet
Xom
Yredelemnul
Zin
The Shining One

Shops:
D:9 ([%

Annotations:
D:4 Zelle's ghost, novice GrMo
D:5 Pikel; Prince Ribbit; Sigmund
D:8 2 runed doors
D:10 2 runed doors


Innate Abilities, Weirdness & Mutations

Your body is rotting away.
You thrive on raw meat.
You are immune to poison.
You have sharp fingernails.
You are carnivorous and can eat meat at any time.
Your flesh is cold resistant. (rC+)
You are immune to negative energy. (rN+++)
You regenerate slowly when monsters are visible.
You are immune to unholy pain and torment.
You can survive without breathing.


Message History

You are too injured to fight recklessly!
You barely miss the crocodile.
The crocodile is heavily wounded.
You closely miss the crocodile.
The crocodile is heavily wounded.
The crocodile bites you!
* * * LOW HITPOINT WARNING * * *
Press: ? - help, v - describe, . - travel
Here: a crocodile (heavily wounded)
The floor, spattered with blood.
You feel much better. The crocodile misses you.
You scratch the crocodile but do no damage.
The crocodile is heavily wounded.
The crocodile bites you!
* * * LOW HITPOINT WARNING * * *
Some of the chunks of flesh in your inventory have rotted away.
You closely miss the crocodile.
The crocodile is heavily wounded.
The crocodile bites you!
You die...

###P....................
#P.....##P.#..@.......
####...........P†t.....#
.###....................
..##........###.##.....#
.###.....#..###..#.....#
## #.....#...#..##.....#
####.....#...#### ....#
##.#..........# ....#
.............##
......<......#
............#..
...............
...............
#.##...........
####..........
#.....###..


You could see a crocodile.

Vanquished Creatures
  A minotaur (Lab)
  Erica (D:10)
  Urug (D:11)
  Nergalle (D:10)
  3 hill giants
  An ugly thing (D:11)
  A flayed ghost (D:8)
  Maurice (D:8)
  A troll (D:10)
  A minotaur skeleton (Lab)
  A two-headed ogre (D:8)
  2 hippogriffs
  2 redbacks (Lab)
  A spriggan (D:8)
  A vampire (D:10)
  7 wraiths
  2 wyverns
  5 yaks (D:11)
  6 hungry ghosts
  Menkaure (D:6)
  8 orc warriors
  2 porcupines (Lair:1)
  A sky beast (D:9)
  A slave (D:5)
  5 ice beasts
  A black bear (D:9)
  3 phantoms
  6 ogres
  9 centaurs
  4 crocodiles
  A big kobold (D:11)
  8 bullfrogs
  A gnoll sergeant (D:7)
  2 scorpions (D:10)
  15 killer bees
  5 wights
  The ghost of Jynx the Chiller, a weakling MfIE (D:3)
  4 howler monkeys
  4 crimson imps (D:8)
  A centaur zombie (D:6)
  5 hounds
  5 jellies
  Crazy Yiuf (D:5)
  4 bullfrog skeletons
  13 orc priests
  16 orc wizards
  7 iguanas
  11 worker ants
  A killer bee zombie (D:8)
  A hound zombie (D:8)
  A worker ant zombie (D:5)
  14 gnolls
  22 adders
  5 river rats
  4 shadow imps
  An adder zombie (D:5)
  5 oozes
  2 adder skeletons
  7 worms
  2 dart slugs (D:1)
  8 leopard geckos
  48 orcs
  5 ball pythons
  10 giant cockroaches
  5 goblins
  8 hobgoblins
  19 jackals
  11 kobolds
  2 quokkas
  26 bats
  4 frilled lizards
  A jackal skeleton (D:4)
  A leopard gecko skeleton (D:6)
  2 quokka skeletons
  14 rats
  A plant (D:11)
414 creatures vanquished.

Vanquished Creatures (others)
  5 fungi (D:11)
5 creatures vanquished.

Grand Total: 419 creatures vanquished

Notes
Turn   | Place    | Note
-------+----------+-------------------------------------------
     0 | D:1      | ImaNewbie the Ghoul Necromancer began the quest for the Orb.
     0 | D:1      | Reached XP level 1. HP: 14/14 MP: 2/2
   138 | D:1      | Reached skill level 1 in Unarmed Combat
   172 | D:1      | Reached XP level 2. HP: 15/20 MP: 3/3
   608 | D:1      | Reached skill level 2 in Unarmed Combat
   617 | D:1      | Reached XP level 3. HP: 25/26 MP: 0/4
  1055 | D:1      | Learned a level 3 spell: Vampiric Draining
  1242 | D:2      | Reached XP level 4. HP: 30/33 MP: 1/5
  1305 | D:2      | Reached skill level 3 in Unarmed Combat
  1982 | D:3      | Reached skill level 5 in Necromancy
  2073 | D:3      | Reached XP level 5. HP: 36/38 MP: 6/6
  2115 | D:3      | Found a glowing drain.
  2177 | Sewer    | Entered a sewer
  3449 | Sewer    | Reached skill level 4 in Unarmed Combat
  3690 | D:3      | Reached XP level 6. HP: 8/45 MP: 1/7
  4103 | D:3      | Noticed Jynx's ghost (weakling MfIE)
  4114 | D:3      | Killed Jynx's ghost
  4265 | D:3      | Reached skill level 5 in Unarmed Combat
  4404 | D:3      | Learned a level 3 spell: Regeneration
  4673 | D:4      | Noticed a phantom
  4720 | D:4      | Killed a phantom
  4720 | D:4      | Reached XP level 7. HP: 35/50 MP: 8/8
  4972 | D:4      | Noticed Zelle's ghost (novice GrMo)
  6221 | D:3      | Reached skill level 6 in Unarmed Combat
  6423 | D:5      | Entered Level 5 of the Dungeon
  6480 | D:5      | Noticed Sigmund
  6514 | D:5      | Reached skill level 1 in Charms
  6515 | D:5      | Reached XP level 8. HP: 46/57 MP: 9/9
  6569 | D:5      | Noticed Prince Ribbit
  6914 | D:5      | Found a runed door.
  6918 | D:5      | Noticed Crazy Yiuf
  6925 | D:5      | Killed Crazy Yiuf
  7442 | D:5      | Noticed Pikel
  8348 | D:6      | Reached skill level 7 in Unarmed Combat
  8499 | D:6      | Noticed Menkaure
  8509 | D:6      | Killed Menkaure
  8725 | D:6      | Found a staircase to the Ecumenical Temple.
  8734 | Temple   | Entered the Ecumenical Temple
  8855 | Temple   | Became a worshipper of Warmaster Okawaru
  8926 | D:6      | Reached skill level 8 in Unarmed Combat
  9458 | D:7      | Learned a level 2 spell: Song of Slaying
  9719 | D:6      | Reached XP level 9. HP: 11/62 MP: 1/10
  9849 | D:6      | Reached skill level 9 in Unarmed Combat
 10542 | D:7      | Found a basalt altar of Yredelemnul.
 10555 | D:7      | Reached * piety under Okawaru
 10698 | D:7      | Reached skill level 10 in Unarmed Combat
 11244 | D:8      | Noticed Maurice
 11463 | D:8      | Reached skill level 11 in Unarmed Combat
 11510 | D:8      | Noticed a two-headed ogre
 11570 | D:8      | Reached ** piety under Okawaru
 11607 | D:8      | Reached skill level 12 in Unarmed Combat
 11631 | D:8      | Killed a two-headed ogre
 11631 | D:8      | Reached XP level 10. HP: 43/69 MP: 6/11
 11658 | D:8      | Found a bloodstained altar of Trog.
 11939 | D:8      | Reached skill level 13 in Unarmed Combat
 12394 | D:8      | Reached *** piety under Okawaru
 12907 | D:8      | Found a white marble altar of Elyvilon.
 12953 | D:8      | Reached skill level 14 in Unarmed Combat
 12962 | D:8      | Found a runed door.
 12978 | D:8      | Found a burning altar of Makhleb.
 13003 | D:8      | Found a hide-covered altar of Uskayaw.
 13004 | D:8      | Found an ancient bone altar of Kikubaaqudgha.
 13018 | D:8      | Found a shimmering altar of Xom.
 13055 | D:8      | Found a shadowy altar of Dithmenos.
 14261 | D:8      | Found a bloodstained altar of Trog.
 15009 | D:8      | Found a white marble altar of Elyvilon.
 15013 | D:8      | Found a shadowy altar of Dithmenos.
 15022 | D:8      | Found a burning altar of Makhleb.
 15024 | D:8      | Found a runed door.
 15038 | D:8      | Found an ancient bone altar of Kikubaaqudgha.
 15041 | D:8      | Found a hide-covered altar of Uskayaw.
 15081 | D:8      | Found a shimmering altar of Xom.
 15538 | D:8      | Found a bloodstained altar of Trog.
 16230 | D:8      | Killed Maurice
 16326 | D:8      | Found a white marble altar of Elyvilon.
 16332 | D:8      | Found a shimmering altar of Xom.
 16334 | D:8      | Found a runed door.
 16337 | D:8      | Found a hide-covered altar of Uskayaw.
 16342 | D:8      | Found an ancient bone altar of Kikubaaqudgha.
 16373 | D:8      | Found a burning altar of Makhleb.
 16376 | D:8      | Found a shadowy altar of Dithmenos.
 16442 | D:8      | Noticed a flayed ghost
 16447 | D:8      | Killed a flayed ghost
 16447 | D:8      | Reached XP level 11. HP: 70/70 MP: 12/12
 16453 | D:8      | Identified the Almanac of Dusty Lightness
 16490 | D:9      | Found Yteteynu's Antique Armour Emporium.
 16503 | D:8      | Reached skill level 15 in Unarmed Combat
 17047 | D:9      | Found Poynk's Weapon Boutique.
 17267 | D:9      | Reached **** piety under Okawaru
 17465 | D:9      | Found Zeisoom Jod's Food Boutique.
 17523 | D:9      | Found a staircase to the Orcish Mines.
 17882 | D:10     | Entered Level 10 of the Dungeon
 17925 | D:10     | Learned a level 2 spell: Repel Missiles
 17928 | D:10     | Learned a level 2 spell: Blink
 18032 | D:10     | Reached skill level 16 in Unarmed Combat
 18306 | D:10     | Reached skill level 1 in Armour
 18362 | D:10     | Found a large runed door.
 18518 | D:10     | Noticed a hill giant
 18526 | D:10     | Found a large runed door.
 18751 | D:10     | Noticed Erica
 18765 | D:10     | Killed Erica
 18881 | D:10     | Noticed a hill giant
 18903 | D:10     | Killed a hill giant
 18903 | D:10     | Reached ***** piety under Okawaru
 19354 | D:11     | Received a gift from Okawaru
 19367 | D:11     | Got an encrusted cloak {god gift}
 19379 | D:11     | Identified the -6 cloak of Asymil {rElec Str+4} (Okawaru gifted it to you on level 11 of the Dungeon)
 19427 | D:11     | Found a labyrinth entrance.
 19498 | Lab      | Entered a labyrinth
 19577 | Lab      | Reached skill level 5 in Dodging
 19632 | Lab      | Reached XP level 12. HP: 64/81 MP: 13/13
 19652 | Lab      | Reached skill level 5 in Armour
 19691 | Lab      | Reached skill level 1 in Invocations
 19851 | Lab      | Noticed a minotaur
 19880 | Lab      | Killed a minotaur
 19883 | Lab      | Got a steaming morningstar {crush}
 20194 | D:11     | Noticed Urug
 20194 | D:11     | Noticed Nergalle
 20210 | D:10     | Killed Nergalle
 20232 | D:11     | Killed Urug
 20232 | D:11     | Reached skill level 5 in Invocations
 20307 | D:11     | Found a staircase to the Lair.
 20875 | Lair:1   | Entered Level 1 of the Lair of Beasts
 20962 | Lair:1   | HP: 1/81 [crocodile (14)]
 20965 | Lair:1   | Mangled by a crocodile

Skill      XL: |  1  2  3  4  5  6  7  8  9 10 11 12 |
---------------+-------------------------------------+-----
Unarmed Combat | 1 2 3 4 5 6 8 12 14 16 | 16.0
Necromancy     | 5 6 7 |  7.2
Charms         | 1 4 |  4.0
Dodging        | 5 |  5.0
Armour         | 4 5 |  5.0
Invocations    | 7 |  7.6
Stealth        | |  2.1
Spellcasting   | |  1.7

Action                   |  1- 3 |  4- 6 |  7- 9 | 10-12 || total
-------------------------+-------+-------+-------+-------++-------
Melee: Unarmed           |   139 |   296 |   638 |   881 ||  1954
       Punch             |       |     4 |    12 |    44 ||    60
 Cast: Pain              |     9 |    63 |    43 |     6 ||   121
       Vampiric Draining |       |       |     2 |    17 ||    19
       Regeneration      |       |       |       |     6 ||     6
       Song of Slaying   |       |       |       |     1 ||     1
Invok: Heroism           |       |       |     1 |     8 ||     9
  Use: Scroll            |       |    12 |     7 |    12 ||    31
       Potion            |       |     1 |     3 |     3 ||     7
 Stab: Sleeping          |     4 |     3 |       |     4 ||    11
       Distracted        |       |     1 |     1 |       ||     2
  Eat: Chunk             |     9 |    21 |    30 |    72 ||   132
       Pizza             |       |       |       |     1 ||     1
Armor: Robe              |    55 |   105 |    34 |       ||   194
       Ring mail         |       |       |   237 |   278 ||   515
       Plate armour      |       |       |       |    20 ||    20
       Skin              |       |       |       |     2 ||     2
       Chain mail        |       |       |       |     1 ||     1
Dodge: Dodged            |   130 |   203 |   358 |   373 ||  1064
